 Dungeon Crawl Stone Soup version 0.31-a0-1265-gaa4636e (webtiles) character file.

Game seed: 3969276793508321938

173019 wqsa789 the Skirmisher (level 18, -16/142 (143) HPs)
             Began as a Gnoll Hunter on Dec 15, 2023.
             Was a High Priest of Okawaru.
             Demolished by Bai Suzhen the storm dragon simulacrum (19 damage)
             ... on level 4 of the Spider Nest on Dec 16, 2023.
             The game lasted 01:12:52 (32792 turns).

wqsa789 the Skirmisher (Gnoll Hunter)              Turns: 32792, Time: 01:12:52

HP:   -16/142 (143) AC: 20    Str: 13 (14) XL:     18   Next: 4%
MP:   34/34         EV: 19    Int:  9 (10) God:    Okawaru [*****.]
Gold: 2404          SH: 16    Dex: 13 (23) Spells: 33/41 levels left

rFire   + + +        U - +1 hand cannon (heavy)
rCold   + + .        E - +2 shield of Resistance {rF++ rC++ Will++}
rNeg    + . .        a - +2 troll leather armour
rPois   +            u - +2 helmet of Recklessness {rElec rF++}
rElec   +            M - +2 cloak
rCorr   +            F - +1 pair of gloves
SInv    .            l - +1 pair of boots
Will    +++..        V - amulet "Purgh" {Acrobat Rampage Str+4}
Stlth   +++          q - ring of positive energy
HPRegen 1.23/turn    N - ring of Fedhas's Hope {rPois rCorr}
MPRegen 0.24/turn

%: acrobat, rampage
@: heroic, lightly drained, very slow
A: fangs 1, strong nose, distributed training, persistent drain
a: Renounce Religion, Heroism, Finesse, Duel


You were on level 4 of the Spider Nest.
You worshipped Okawaru.
Okawaru was extremely pleased with you.
You visited 5 branches of the dungeon, and saw 27 of its levels.
You also visited: Gauntlet.

You collected 3481 gold pieces.
You spent 1077 gold pieces at shops.

Inventory:

Hand Weapons
 U - a +1 heavy hand cannon (weapon)
Missiles
 d - a throwing net
 e - 19 poisoned darts
 o - 2 curare-tipped darts
Armour
 a - a +2 troll leather armour (worn)
 l - a +1 pair of boots (worn)
 u - the +2 helmet of Recklessness (worn) {rElec rF++}
   (Okawaru gifted it to you on level 2 of the Lair of Beasts)

   rF++:      It greatly protects you from fire.
   rElec:     It insulates you from electricity.
 E - the +2 shield of Resistance (worn) {rF++ rC++ Will++}
   (You found it on level 13 of the Dungeon)

   rF++:      It greatly protects you from fire.
   rC++:      It greatly protects you from cold.
   Will++:    It greatly increases your willpower.
 F - a +1 pair of gloves (worn)
 M - a +2 cloak (worn)
Jewellery
 f - an amulet of guardian spirit
 q - a ring of positive energy (left hand)
 r - a +6 ring of strength
 v - a ring of protection from fire
 D - a +6 ring of dexterity
 N - the ring of Fedhas's Hope (right hand) {rPois rCorr}
   (You found it in a Gauntlet)

   [ring of resist corrosion]

   rPois:     It protects you from poison rCorr: It protects you from acid and
   corrosion.
 V - the amulet "Purgh" (around neck) {Acrobat Rampage Str+4}
   (You found it in a Gauntlet)

   [amulet of the acrobat]

   Acrobat:   It increases your evasion while moving and waiting.
   Str+4:     It affects your strength (+4).
   Rampage:   It bestows one free step when moving towards enemies.
Wands
 n - a wand of polymorph (14)
 t - a wand of flame (10)
 B - a wand of mindburst (9)
Scrolls
 b - 4 scrolls of vulnerability
 k - 4 scrolls of amnesia
 p - 2 scrolls of immolation
 s - 5 scrolls of revelation
 y - a scroll of silence (quivered)
 J - a scroll of torment
 Q - 2 scrolls of fog
 Y - 6 scrolls of identify
Potions
 j - 4 potions of curing
 m - 3 potions of mutation
 w - 2 potions of brilliance
 A - 3 potions of might
 G - 4 potions of magic
 I - 6 potions of enlightenment
 K - 2 potions of attraction
 P - a potion of cancellation
 R - a potion of berserk rage
 T - a potion of ambrosia
Miscellaneous
 i - a tin of tremorstones (inert)


   Skills:
 + Level 13.1(18.1) Fighting
 + Level 12.3(17.3) Short Blades
 + Level 12.3(17.3) Long Blades
 + Level 12.3(17.3) Axes
 + Level 12.3(17.3) Maces & Flails
 + Level 12.3(17.3) Polearms
 + Level 12.3(17.3) Staves
 + Level 14.7(19.7) Ranged Weapons
 + Level 12.3(17.3) Throwing
 + Level 12.3(17.3) Armour
 + Level 13.1(18.1) Dodging
 + Level 12.5(17.5) Stealth
 + Level 12.3(17.3) Shields
 + Level 12.3(17.3) Unarmed Combat
 + Level 12.3 Spellcasting
 + Level 10.4 Conjurations
 + Level 10.4 Hexes
 + Level 10.4 Summonings
 + Level 10.4 Necromancy
 + Level 10.4 Translocations
 + Level 10.4 Transmutations
 + Level 10.4 Fire Magic
 + Level 10.4 Ice Magic
 + Level 10.4 Air Magic
 + Level 10.4 Earth Magic
 + Level 10.4 Poison Magic
 + Level 13.3 Invocations
 + Level 12.3 Evocations
 + Level 11.3 Shapeshifting


You had 33 spell levels left.
You knew the following spells:

 Your Spells              Type           Power      Damage    Failure   Level
a - Freezing Cloud        Conj/Ice/Air   12%        6-21      9%          5
b - Mephitic Cloud        Conj/Pois/Air  24%        N/A       1%          3

Your spell library contained the following spells:

 Spells                   Type           Power      Damage    Failure   Level
 Apportation              Tloc           48%        N/A       1%          1
 Foxfire                  Conj/Fire      96%        2x1d8     1%          1
 Kiss of Death            Conj/Necr      96%        2d12      1%          1
 Blink                    Tloc           48%        N/A       1%          2
 Lesser Beckoning         Tloc           48%        N/A       1%          2
 Poisonous Vapours        Pois/Air       48%        N/A       1%          2
 Scorch                   Fire           48%        2d7       1%          2
 Confusing Touch          Hex            24%        N/A       1%          3
 Hailstorm                Conj/Ice       24%        3d7       1%          3
 Inner Flame              Hex/Fire       24%        N/A       1%          3
 Stone Arrow              Conj/Erth      48%        3d10      1%          3
 Volatile Blastmotes      Fire/Tloc      48%        2d14      1%          3
 Brom's Barrelling Bould  Conj/Erth      24%        2d5       3%          4
 Dimensional Bullseye     Hex/Tloc       12%        N/A       3%          4
 Dispel Undead            Necr           24%        3d12      3%          4
 Flame Wave               Conj/Fire      24%        2d8       3%          4
 Fulminant Prism          Conj/Hex       12%        3d8       3%          4
 Iskenderun's Mystic Bla  Conj/Tloc      24%        2d7       3%          4
 Passage of Golubria      Tloc           24%        N/A       3%          4
 Petrify                  Tmut/Erth      24%        N/A       3%          4
 Sticky Flame             Conj/Fire      24%        2d5       3%          4
 Alistair's Intoxication  Tmut/Pois      16%        N/A       9%          5
 Borgnjor's Vile Clutch   Necr/Erth      12%        N/A       9%          5
 Fireball                 Conj/Fire      12%        3d7       9%          5
 Iskenderun's Battlesphe  Conj           24%        2d8       9%          5
 Silence                  Hex/Air        12%        N/A       9%          5
 Yara's Violent Unravell  Hex/Tmut       12%        3d7       9%          5
 Conjure Ball Lightning   Conj/Air       12%        3x3d6     43%         6
 Eringya's Noxious Bog    Tmut/Pois      12%        4d6       43%         6
 Plasma Beam              Fire/Air       12%        2x1d23    43%         6
 Starburst                Conj/Fire      12%        6d5       43%         6
 Enfeeble                 Hex            12%        N/A       95%         7
 Orb of Destruction       Conj           12%        9d7       95%         7
 Lehudib's Crystal Spear  Conj/Erth      12%        10d4      100%        8
 Tukima's Dance           Hex            Unusable   N/A       N/A         3
 Animate Armour           Summ/Erth      Unusable   N/A       N/A         4
 Summon Ice Beast         Ice/Summ       Unusable   N/A       N/A         4
 Simulacrum               Ice/Necr       Unusable   N/A       N/A         6

Dungeon Overview and Level Annotations

Branches:
Dungeon (15/15)            Temple (1/1) D:5            Lair (5/5) D:9
 Shoals (0/4) Lair:2       Spider (4/4) Lair:2        Slime (0/5) Lair:5
    Orc (2/2) D:12            Elf (0/3) Orc:2        Vaults (0/5) D:13
 Depths (0/4) D:15        Gauntlet (visited)

Altars:
Ashenzari
Cheibriados
Dithmenos
Elyvilon
Fedhas
Gozag
Hepliaklqana
Kikubaaqudgha
Makhleb
Nemelex Xobeh
Okawaru
Qazlal
Ru
Uskayaw
Vehumet
Wu Jian
Xom
Yredelemnul
Zin
The Shining One
Jiyva

Shops:
D:1 ?   D:6 *   D:10 =   D:14 (   D:15 :   Orc:2 *=[(

Annotations:
D:10 4 runed translucent doors
D:15 3 runed translucent doors, cpf86's ghost, adept DjFE
Lair:4 3 runed translucent doors, Decliu's ghost, journeyman OgSh


Innate Abilities, Weirdness & Mutations

You have very sharp teeth.
Your uncanny sense of smell can sniff out nearby items.
Your experience applies equally to all skills.
Your health recovers twice as slowly from being drained.


Message History

The burst of rock shards engulfs the wolf spider!
The burst of rock shards engulfs Bai Suzhen!
You kill Bai Suzhen!
Okawaru is honoured by your kill.
You can now enter into single combat with a foe.
Okawaru will now gift you throwing weapons as you gain piety.
The burst of rock shards engulfs you but does no damage.
The tin is emptied!
A freezing mist starts to gather...
Bai Suzhen, Madame White Snake comes into view.
You are engulfed in a thunderstorm.
You resist.
* * * LOW HITPOINT WARNING * * *
You have reached level 18!
You feel much better. You block the wolf spider's attack. x2
Fire: U) +1 hand cannon (heavy)
Press: ? - help, Shift-Dir - straight line You shoot a bolt.
The bolt hits the wolf spider!
You kill the wolf spider!
Okawaru accepts your kill.
A freezing mist starts to gather...
A wolf spider simulacrum comes into view.
You are engulfed in a thunderstorm.
You resist.
* * * LOW HITPOINT WARNING * * *
Your hearing returns.
Bai Suzhen completely misses you.
Bai Suzhen claws you but does no damage.
Bai Suzhen tramples you but does no damage.
You feel your dexterity returning.
Fire: U) +1 hand cannon (heavy)
Press: ? - help, Shift-Dir - straight line, f - Bai Suzhen
Aim: Bai Suzhen the storm dragon simulacrum (magical condensation, 98% to hit)
You shoot a bolt.
The bolt hits Bai Suzhen but does no damage.
Bai Suzhen bites you.
* * * LOW HITPOINT WARNING * * *
Bai Suzhen freezes you!! You resist.
* * * LOW HITPOINT WARNING * * *
Bai Suzhen claws you.
* * * LOW HITPOINT WARNING * * *
Bai Suzhen freezes you!! You resist.
You die...

.# ..## ....###
.^.†.#.####
##......Z@#
........Z## ..
#.....)..##
.^####....~~~#
...^...#.#~~##
...........~~#
..##..^......#
...##........#
.
..^.#.....#####


You could see a wolf spider simulacrum and Bai Suzhen the storm dragon
simulacrum.

Vanquished Creatures
  Bai Suzhen (Spider:4)
  Saint Roka (Orc:2)
  Rupert (Lair:4)
  Asterion (Spider:1)
  Agnes (Spider:1)
  Roxanne (D:14)
  3 emperor scorpions (Spider:2)
  Louise (D:14)
  A ghost moth (Spider:3)
  A quicksilver ooze (Lair:4)
  3 broodmothers (Spider:2)
  Nessos (Lair:4)
  2 dire elephants (Lair:5)
  A minotaur (Gauntlet)
  Snorg (D:10)
  Josephine (Orc:1)
  A fire dragon (D:15)
  2 ogre magi
  4 entropy weavers
  An ice dragon (D:15)
  A rakshasa (D:14)
  4 vault guards (D:13)
  6 centaur warriors
  A catoblepas (Lair:4)
  4 radroaches
  4 hydras
  2 boulder beetles
  11 two-headed ogres
  3 death yaks (Lair:5)
  Urug (Lair:5)
  4 demonic crawlers (Spider:2)
  An orc high priest (Orc:2)
  A deep elf knight (D:13)
  3 skeletal warriors (D:12)
  5 pharaoh ants
  2 skysharks
  A fire crab (shapeshifter) (D:14)
  A spectral anaconda (Lair:5)
  14 orb spiders
  An orange crystal statue (Gauntlet)
  2 arcanists
  An obsidian statue (Lair:5)
  6 steelbarb worms
  A harpy (Lair:2)
  3 spectral wolf spiders (Spider:3)
  6 wolf spider zombies (Spider:3)
  5 orc knights
  25 wolf spiders
  13 ugly things
  4 deep elf pyromancers
  2 manticores
  2 orc sorcerers (Orc:2)
  3 necromancers (Lair:5)
  4 oklob plants
  6 elephants (Lair:5)
  A moth of wrath (Spider:3)
  3 cyclopes
  3 kobold blastminers
  Joseph (D:7)
  Jeremiah (D:7)
  A gargoyle (D:11)
  4 torpor snails
  3 black mambas
  15 cane toads
  An unseen horror (D:12)
  A dire elephant skeleton (Lair:5)
  3 rime drakes
  An efreet (D:14)
  4 kobold demonologists (D:13)
  10 komodo dragons
  A freezing wraith (D:15)
  A yaktaur (D:13)
  2 tengu conjurers (D:15)
  3 trolls
  2 wolf spider simulacra (Spider:3)
  A polar bear (Lair:4)
  A hornet (D:8)
  20 tarantellas
  15 flying skulls (Gauntlet)
  14 dream sheep
  27 slime creatures
  17 blink frogs
  39 jumping spiders
  18 culicivoras
  2 shadows
  A centaur simulacrum (D:15)
  4 wyverns
  3 vampires
  54 yaks
  5 basilisks
  A fire elemental (D:15)
  2 humans (D:13)
  5 wraiths
  2 wargs
  10 vampire mosquitoes
  3 death yak simulacra (Lair:5)
  2 steam dragons
  30 redbacks
  3 acid dragons
  5 spectral cane toads (Lair:5)
  2 hell hounds (Lair:4)
  17 water moccasins
  5 ice beasts (D:9)
  23 orc warriors
  4 sky beasts
  An elephant zombie (Lair:5)
  4 black bears
  7 ogres
  A crocodile (shapeshifter) (D:15)
  20 centaurs
  15 wolves
  A phantom (D:4)
  2 kobold brigands
  13 bullfrogs
  A gnoll sergeant (D:11)
  4 scorpions
  9 wights
  14 killer bees
  5 howler monkeys
  An elephant simulacrum (Lair:5)
  9 electric eels
  A lava snake (D:15)
  A crimson imp (D:7)
  3 hounds
  2 quasits (D:4)
  6 jellies
  23 orc priests
  3 sleepcaps
  A gnoll bouda (D:7)
  32 orc wizards
  Natasha (thrice) (D:2)
  An iguana (D:7)
  6 hell rats (Lair:4)
  8 gnolls
  6 adders
  5 shadow imps
  20 white imps
  12 ufetubi
  A worm (D:2)
  A dart slug (D:3)
  76 orcs
  9 ball pythons
  4 bats
  5 endoplasms
  A giant cockroach (D:1)
  8 goblins
  6 hobgoblins
  2 jackals (D:3)
  4 quokkas
  4 frilled lizards
  14 kobolds
  3 rats
956 creatures vanquished.

Vanquished Creatures (collateral kills)
  An orc (D:4)
1 creature vanquished.

Vanquished Creatures (others)
  An ogre mage (D:15)
  An orc priest (Orc:2)
  An orc (Orc:1)
3 creatures vanquished.

Grand Total: 960 creatures vanquished

Notes
Turn   | Place    | Note
-------+----------+-------------------------------------------
     0 | D:1      | wqsa789 the Gnoll Hunter began the quest for the Orb.
     0 | D:1      | Reached XP level 1. HP: 20/20 MP: 1/1
     0 | D:1      | Upgraded the game from 0.31-a0-1238-g0d9d05a to
                  | 0.31-a0-1265-gaa4636e
   281 | D:1      | Found Oryrr's Magic Scroll Shoppe.
   332 | D:1      | Reached XP level 2. HP: 26/26 MP: 2/2
   638 | D:1      | Reached XP level 3. HP: 31/31 MP: 3/3
   973 | D:2      | Reached skill level 1 in Invocations
  1228 | D:2      | Reached skill level 1 in Short Blades
  1228 | D:2      | Reached skill level 1 in Long Blades
  1228 | D:2      | Reached skill level 1 in Axes
  1228 | D:2      | Reached skill level 1 in Maces & Flails
  1228 | D:2      | Reached skill level 1 in Polearms
  1228 | D:2      | Reached skill level 1 in Staves
  1228 | D:2      | Reached skill level 1 in Throwing
  1228 | D:2      | Reached skill level 1 in Armour
  1228 | D:2      | Reached skill level 1 in Shields
  1228 | D:2      | Reached skill level 1 in Unarmed Combat
  1228 | D:2      | Reached skill level 1 in Spellcasting
  1228 | D:2      | Reached skill level 1 in Evocations
  1382 | D:2      | Noticed Natasha
  1387 | D:2      | Killed Natasha
  1388 | D:2      | Reached skill level 1 in Shapeshifting
  1388 | D:2      | Reached XP level 4. HP: 32/38 MP: 5/5
  1620 | D:2      | Noticed Natasha
  1625 | D:2      | Killed Natasha
  1626 | D:2      | Reached skill level 1 in Conjurations
  1626 | D:2      | Reached skill level 1 in Hexes
  1626 | D:2      | Reached skill level 1 in Summonings
  1626 | D:2      | Reached skill level 1 in Necromancy
  1626 | D:2      | Reached skill level 1 in Translocations
  1626 | D:2      | Reached skill level 1 in Transmutations
  1626 | D:2      | Reached skill level 1 in Fire Magic
  1626 | D:2      | Reached skill level 1 in Ice Magic
  1626 | D:2      | Reached skill level 1 in Air Magic
  1626 | D:2      | Reached skill level 1 in Earth Magic
  1626 | D:2      | Reached skill level 1 in Poison Magic
  1767 | D:2      | Noticed Natasha
  1771 | D:2      | Killed Natasha
  1772 | D:2      | Reached XP level 5. HP: 43/43 MP: 5/7
  2152 | D:3      | Got Waniug's Folio of the Cumulonimbus and the Familiar
  2446 | D:4      | Noticed an ogre
  2605 | D:4      | Killed an ogre
  2606 | D:4      | Reached XP level 6. HP: 49/50 MP: 8/8
  2735 | D:4      | Reached skill level 5 in Fighting
  2735 | D:4      | Reached skill level 5 in Dodging
  2812 | D:4      | Noticed a black bear
  2818 | D:4      | Killed a black bear
  2947 | D:4      | Reached XP level 7. HP: 56/56 MP: 10/10
  3349 | D:4      | Reached skill level 9 in Ranged Weapons
  3695 | D:5      | Entered Level 5 of the Dungeon
  3701 | D:5      | Found a staircase to the Ecumenical Temple.
  3924 | D:5      | Reached XP level 8. HP: 63/63 MP: 12/12
  3953 | Temple   | Entered the Ecumenical Temple
  3984 | Temple   | Became a worshipper of Warmaster Okawaru
  4769 | D:6      | Found Bolough's Elemental Accessories.
  4775 | D:6      | Reached * piety under Okawaru
  4803 | D:6      | Bought a wand of iceblast (4) for 96 gold pieces
  5167 | D:6      | Reached XP level 9. HP: 54/69 MP: 14/14
  5528 | D:7      | Reached ** piety under Okawaru
  5562 | D:7      | Noticed Jeremiah
  5776 | D:7      | Killed Jeremiah
  5831 | D:7      | Reached skill level 5 in Stealth
  5865 | D:7      | Noticed Joseph
  5869 | D:7      | Killed Joseph
  5869 | D:7      | Reached *** piety under Okawaru
  5870 | D:7      | Reached skill level 5 in Invocations
  6757 | D:8      | Reached XP level 10. HP: 77/77 MP: 17/17
  6808 | D:8      | Noticed a green ugly thing
  6816 | D:8      | Killed a green ugly thing
  6817 | D:8      | Reached skill level 5 in Short Blades
  6817 | D:8      | Reached skill level 5 in Long Blades
  6817 | D:8      | Reached skill level 5 in Axes
  6817 | D:8      | Reached skill level 5 in Maces & Flails
  6817 | D:8      | Reached skill level 5 in Polearms
  6817 | D:8      | Reached skill level 5 in Staves
  6817 | D:8      | Reached skill level 10 in Ranged Weapons
  6817 | D:8      | Reached skill level 5 in Throwing
  6817 | D:8      | Reached skill level 5 in Armour
  6817 | D:8      | Reached skill level 5 in Shields
  6817 | D:8      | Reached skill level 5 in Unarmed Combat
  6817 | D:8      | Reached skill level 5 in Spellcasting
  6817 | D:8      | Reached skill level 5 in Evocations
  7701 | D:8      | Reached **** piety under Okawaru
  7911 | D:8      | Noticed a two-headed ogre
  7917 | D:8      | Killed a two-headed ogre
  7982 | D:8      | Reached skill level 5 in Shapeshifting
  8385 | D:8      | Reached ***** piety under Okawaru
  8457 | D:8      | Found an opulent altar of Gozag.
  8461 | D:8      | Found a radiant altar of Vehumet.
  8462 | D:8      | Found a hide-covered altar of Uskayaw.
  8462 | D:8      | Found an ancient bone altar of Kikubaaqudgha.
  8463 | D:8      | Found a glowing silver altar of Zin.
  8464 | D:8      | Found a shadowy altar of Dithmenos.
  8465 | D:8      | Found a burning altar of Makhleb.
  8466 | D:8      | Found a basalt altar of Yredelemnul.
  8467 | D:8      | Found a white marble altar of Elyvilon.
  8552 | D:8      | Identified a scroll of acquirement
  8552 | D:8      | Acquired 890 gold pieces
  8773 | D:1      | Bought a scroll of poison for 56 gold pieces
  8773 | D:1      | Bought a scroll of revelation for 105 gold pieces
  8773 | D:1      | Bought a scroll of identify for 28 gold pieces
  8773 | D:1      | Bought a scroll of enchant armour for 105 gold pieces
  8773 | D:1      | Bought a scroll of immolation for 56 gold pieces
  8773 | D:1      | Bought a scroll of teleportation for 42 gold pieces
  8773 | D:1      | Bought a scroll of teleportation for 42 gold pieces
  8936 | D:6      | Bought a tin of tremorstones (2/2) for 400 gold pieces
  9058 | D:9      | Reached XP level 11. HP: 32/84 MP: 19/19
  9284 | D:9      | Reached skill level 5 in Conjurations
  9284 | D:9      | Reached skill level 5 in Hexes
  9284 | D:9      | Reached skill level 5 in Summonings
  9284 | D:9      | Reached skill level 5 in Necromancy
  9284 | D:9      | Reached skill level 5 in Translocations
  9284 | D:9      | Reached skill level 5 in Transmutations
  9284 | D:9      | Reached skill level 5 in Fire Magic
  9284 | D:9      | Reached skill level 5 in Ice Magic
  9284 | D:9      | Reached skill level 5 in Air Magic
  9284 | D:9      | Reached skill level 5 in Earth Magic
  9284 | D:9      | Reached skill level 5 in Poison Magic
  9292 | D:9      | Received a gift from Okawaru
  9459 | D:9      | Noticed a two-headed ogre
  9462 | D:9      | Killed a two-headed ogre
  9623 | D:9      | Found a staircase to the Lair.
 10112 | D:9      | Got The Foundations of Incantation
 10317 | D:10     | Entered Level 10 of the Dungeon
 10658 | D:10     | Noticed Snorg
 10667 | D:10     | Received a gift from Okawaru
 10669 | D:10     | Killed Snorg
 10699 | D:10     | Found a large runed translucent door.
 10699 | D:10     | Found a large runed translucent door.
 10703 | D:10     | Noticed a rakshasa
 10705 | D:10     | Noticed a deep elf pyromancer
 10714 | D:10     | Found a large runed translucent door.
 10714 | D:10     | Found a large runed translucent door.
 10814 | D:10     | Found Owkimif's Jewellery Shoppe.
 10914 | D:10     | Noticed a manticore
 10924 | D:10     | Killed a manticore
 11155 | D:10     | Reached skill level 11 in Ranged Weapons
 11280 | D:10     | Noticed an orc knight
 11284 | D:10     | Killed an orc knight
 11543 | D:11     | Noticed a cyan ugly thing
 11606 | D:11     | Reached XP level 12. HP: 94/94 MP: 22/22
 11949 | D:11     | Noticed a two-headed ogre
 11959 | D:11     | Killed a two-headed ogre
 11959 | D:11     | Received a gift from Okawaru
 13242 | D:12     | Noticed a two-headed ogre
 13245 | D:12     | Killed a two-headed ogre
 13333 | D:12     | Received a gift from Okawaru
 13526 | D:12     | Found a staircase to the Orcish Mines.
 13673 | Orc:1    | Entered Level 1 of the Orcish Mines
 13691 | Orc:1    | Noticed Josephine
 13701 | Orc:1    | Killed Josephine
 14024 | Orc:2    | Entered Level 2 of the Orcish Mines
 14094 | Orc:2    | Noticed an orc high priest
 14095 | Orc:2    | Killed an orc high priest
 14096 | Orc:2    | Reached XP level 13. HP: 101/101 MP: 23/25
 14107 | Orc:2    | Noticed Saint Roka
 14114 | Orc:2    | Killed Saint Roka
 14114 | Orc:2    | Received a gift from Okawaru
 14306 | Orc:2    | Received a gift from Okawaru
 14736 | Orc:2    | Found a staircase to the Elven Halls.
 14842 | Orc:2    | Reached skill level 12 in Ranged Weapons
 15114 | Orc:1    | Received a gift from Okawaru
 15765 | Orc:2    | Found Quimn's Antique Weapon Shop.
 15791 | Orc:2    | Found Ruaviud's Antique Armour Shop.
 15931 | Orc:2    | Found Ruociket's Jewellery Shop.
 15946 | Orc:2    | Found Wodi's General Store.
 15953 | Orc:2    | Bought a scroll of enchant weapon for 105 gold pieces
 15953 | Orc:2    | Bought a scroll of teleportation for 42 gold pieces
 16126 | Lair:1   | Entered Level 1 of the Lair of Beasts
 16446 | Lair:1   | Received a gift from Okawaru
 16447 | Lair:1   | Reached skill level 10 in Fighting
 16447 | Lair:1   | Reached skill level 10 in Dodging
 17352 | Lair:2   | Found a staircase to the Shoals.
 17355 | Lair:2   | Reached ****** piety under Okawaru
 17403 | Lair:2   | Acquired the +2 helmet of Recklessness {rElec rF++}
 17403 | Lair:2   | Received a gift from Okawaru
 17410 | Lair:2   | Acquired the +7 broad axe "Xoney" {elec, rF+ Will++}
 17410 | Lair:2   | Received a gift from Okawaru
 17449 | Lair:2   | Reached XP level 14. HP: 110/110 MP: 25/27
 17819 | Lair:2   | Found a hole to the Spider Nest.
 18215 | Lair:3   | Reached skill level 10 in Invocations
 18392 | Lair:3   | Received a gift from Okawaru
 18659 | Lair:3   | Found a snail-covered altar of Cheibriados.
 18767 | Lair:3   | Got the Lessons on the Excursion and Bones
 19441 | Lair:4   | Found a runed translucent gate.
 19441 | Lair:4   | Found a runed translucent gate.
 19441 | Lair:4   | Found a runed translucent gate.
 19446 | Lair:4   | Noticed Nessos
 19448 | Lair:4   | Noticed Decliu's ghost (journeyman OgSh)
 19698 | Lair:4   | Noticed Rupert
 19701 | Lair:4   | Paralysed by Rupert for 2 turns
 19707 | Lair:4   | Paralysed by Rupert for 4 turns
 19728 | Lair:4   | Killed Nessos
 19836 | Lair:4   | Received a gift from Okawaru
 20072 | Lair:4   | Noticed a quicksilver ooze
 20077 | Lair:4   | Killed a quicksilver ooze
 20084 | Lair:4   | Reached skill level 10 in Stealth
 20396 | Lair:4   | Killed Rupert
 20396 | Lair:4   | Received a gift from Okawaru
 20638 | Lair:5   | Entered Level 5 of the Lair of Beasts
 20638 | Lair:5   | Found a staircase to the Slime Pits.
 20638 | Lair:5   | Found a viscous altar of Jiyva.
 20731 | Lair:5   | Reached XP level 15. HP: 43/117 MP: 26/28
 21114 | Lair:5   | Received a gift from Okawaru
 21117 | Lair:5   | Reached skill level 10 in Short Blades
 21117 | Lair:5   | Reached skill level 10 in Long Blades
 21117 | Lair:5   | Reached skill level 10 in Axes
 21117 | Lair:5   | Reached skill level 10 in Maces & Flails
 21117 | Lair:5   | Reached skill level 10 in Polearms
 21117 | Lair:5   | Reached skill level 10 in Staves
 21117 | Lair:5   | Reached skill level 10 in Throwing
 21117 | Lair:5   | Reached skill level 10 in Armour
 21117 | Lair:5   | Reached skill level 10 in Shields
 21117 | Lair:5   | Reached skill level 10 in Unarmed Combat
 21117 | Lair:5   | Reached skill level 10 in Spellcasting
 21117 | Lair:5   | Reached skill level 10 in Evocations
 21178 | Lair:5   | Reached skill level 13 in Ranged Weapons
 21807 | Lair:5   | Received a gift from Okawaru
 22247 | Lair:5   | Noticed Urug
 22251 | Lair:5   | Killed Urug
 22661 | D:13     | Found the +2 shield of Resistance {rF++ rC++ Will++}
 22665 | D:13     | Received a gift from Okawaru
 23025 | D:13     | Found a gate to the Vaults.
 23570 | D:14     | Found Osofopeo's Weapon Emporium.
 23583 | D:14     | Received a gift from Okawaru
 23688 | D:14     | Noticed Roxanne
 23763 | D:14     | Found a gate leading to a gauntlet.
 23775 | Gauntlet | Entered a Gauntlet
 23775 | Gauntlet | Found a transporter.
 23787 | Gauntlet | Found a transporter.
 23807 | Gauntlet | Found a transporter.
 23807 | Gauntlet | Found a transporter.
 23809 | Gauntlet | Found a large runed translucent door.
 23810 | Gauntlet | Found a large runed translucent door.
 23811 | Gauntlet | Found a large runed translucent door.
 23811 | Gauntlet | Found a large runed translucent door.
 23811 | Gauntlet | Found a runed translucent door.
 23812 | Gauntlet | Found a large runed translucent door.
 23813 | Gauntlet | Found a large runed translucent door.
 23814 | Gauntlet | Found a large runed translucent door.
 23814 | Gauntlet | Found a large runed translucent door.
 23815 | Gauntlet | Found a runed translucent gate.
 23828 | Gauntlet | Found a transporter.
 23828 | Gauntlet | Found a runed translucent gate.
 23829 | Gauntlet | Found a runed translucent gate.
 23831 | Gauntlet | Found a large runed translucent door.
 23832 | Gauntlet | Found a large runed translucent door.
 23841 | Gauntlet | Found a transporter.
 23842 | Gauntlet | Found a large runed translucent door.
 23845 | Gauntlet | Noticed a balrug
 23846 | Gauntlet | Found a large runed translucent door.
 23847 | Gauntlet | Found a large runed translucent door.
 23847 | Gauntlet | Found a large runed translucent door.
 23847 | Gauntlet | Found a runed translucent door.
 23848 | Gauntlet | Found a large runed translucent door.
 23849 | Gauntlet | Found a large runed translucent door.
 23850 | Gauntlet | Found a transporter.
 23854 | Gauntlet | Found a transporter.
 23881 | Gauntlet | Found a transporter.
 23912 | Gauntlet | Found a transporter.
 23912 | Gauntlet | Found a transporter.
 23917 | Gauntlet | Found a transporter.
 24006 | Gauntlet | Reached XP level 16. HP: 124/126 MP: 30/30
 24025 | Gauntlet | Identified the ring of Fedhas's Hope {rPois rCorr}
 24074 | Gauntlet | Identified the amulet "Purgh" {Acrobat Rampage Str+4}
 24078 | Gauntlet | Identified the +7 mace of Impeachment {drain, rPois rF+ rN+
                  | Dex+3}
 24246 | Gauntlet | Identified the granite talisman of Furiog {rF- rC+ MP+9
                  | Str+3}
 24508 | D:14     | Reached skill level 10 in Shapeshifting
 25049 | D:14     | Received a gift from Okawaru
 25092 | D:14     | Killed Roxanne
 25159 | D:14     | Noticed Louise
 25164 | D:14     | Killed Louise
 25437 | D:15     | Entered Level 15 of the Dungeon
 25812 | D:15     | Received a gift from Okawaru
 25841 | D:15     | Got Licrerog's Writings on Kindled Changes
 25914 | D:15     | Found a staircase to the Depths.
 26328 | D:15     | Learned a level 5 spell: Freezing Cloud
 26390 | D:15     | Found Cyuk's Book Shoppe.
 26529 | D:15     | Found a runed translucent gate.
 26529 | D:15     | Found a runed translucent gate.
 26530 | D:15     | Found a runed translucent gate.
 26532 | D:15     | Noticed cpf86's ghost (adept DjFE)
 27056 | Spider:1 | Entered Level 1 of the Spider Nest
 27356 | Spider:1 | Noticed Agnes
 27367 | Spider:1 | Killed Agnes
 27499 | Spider:1 | Gained mutation: Your health recovers twice as slowly from
                  | being drained. [mutagenic glow]
 27582 | Spider:1 | Noticed Asterion
 27587 | Spider:1 | Reached skill level 14 in Ranged Weapons
 27773 | Spider:1 | Killed Asterion
 27773 | Spider:1 | Received a gift from Okawaru
 28247 | Spider:2 | Identified the +0 leather armour of Ephu {Regen+}
 28282 | Spider:2 | Reached XP level 17. HP: 122/134 MP: 32/32
 28460 | Spider:2 | Received a gift from Okawaru
 28872 | Spider:2 | Reached skill level 10 in Conjurations
 28872 | Spider:2 | Reached skill level 10 in Hexes
 28872 | Spider:2 | Reached skill level 10 in Summonings
 28872 | Spider:2 | Reached skill level 10 in Necromancy
 28872 | Spider:2 | Reached skill level 10 in Translocations
 28872 | Spider:2 | Reached skill level 10 in Transmutations
 28872 | Spider:2 | Reached skill level 10 in Fire Magic
 28872 | Spider:2 | Reached skill level 10 in Ice Magic
 28872 | Spider:2 | Reached skill level 10 in Air Magic
 28872 | Spider:2 | Reached skill level 10 in Earth Magic
 28872 | Spider:2 | Reached skill level 10 in Poison Magic
 30957 | Spider:3 | Learned a level 3 spell: Mephitic Cloud
 31275 | Spider:3 | Received a gift from Okawaru
 31745 | Spider:3 | Identified the +4 scale mail of Quantum Leap {rPois rF-
                  | Str+3 Dex+2}
 32059 | Spider:4 | Entered Level 4 of the Spider Nest
 32766 | Spider:4 | Noticed Bai Suzhen
 32789 | Spider:4 | Killed Bai Suzhen
 32790 | Spider:4 | Reached XP level 18. HP: 18/142 MP: 34/34
 32792 | Spider:4 | HP: 3/142 [Bai Suzhen the storm dragon simulacrum (5)]
 32792 | Spider:4 | Demolished by Bai Suzhen the storm dragon simulacrum

Illustrated notes

Levels and vault maps discovered:
D:1:      minmay_arrival_widening_spiral_narrow, layout_basic, serial_shops,
          nicolae_shop_waterfront, minmay_hexomino_f4
D:2:      layout_basic, minmay_crystal_water, dreamdust_mushroom_princess,
          mrwooster_statue_mirror, uniq_natasha
D:3:      layout_rooms, minmay_crystal_room, serial_park_tiny_2,
          hangedman_abyss_or_decor_stabs
D:4:      layout_loops_ring, serial_demonic, serial_demonic_a, serial_demonic_d,
          serial_demonic_c, serial_demonic_a, serial_demonic_f,
          serial_demonic_a, serial_demonic_e, serial_demonic_e
D:5:      layout_basic, hellmonk_overflow_destroyed_library,
          minmay_temple_entry_stoned_glass
D:6:      layout_loops_ring, amethyst_killhole, nicolae_elemental_shop,
          grunt_ministairs_6
D:7:      cheibrodos_helix_gallery, layout_loops_corners,
          minmay_fire_ice_demons, uniq_joseph, uniq_jeremiah
D:8:      cheibrodos_two_vegetables, layout_basic, minitemple,
          minmay_tree_intersection
D:9:      layout_irregular_city, hellmonk_lair_entry_icy,
          chequers_serial_rivers_small_b, nicolae_elevator_lobby_plus
D:10:     layout_roguey, serial_shops, nicolae_diamond_shop,
          minmay_hollow_rounded_squares, uniq_snorg
D:11:     layout_rooms
D:12:     layout_loops_ring, hiddenorc1_lemuel
D:13:     layout_basic, grunt_vaults_entry_fortified, portal_ice_cave_entry_imps
D:14:     layout_layer_cave, corexii_leaking_fountain, serial_shops,
          nicolae_shop_bloodbath_and_beyond, gauntlet_entry_generic,
          uniq_roxanne, uniq_louise
D:15:     grunt_enter_depths_hoard, layout_layer_cave,
          gammafunk_ghost_hydra_chop, minmay_misc_feat_diagonals,
          nicolae_inconvenience_store
Temple:   chequers_temple_sunken
Lair:1:   minmay_lair_oklob_chamber, layout_regular_city, patterned_corridor
Lair:2:   layout_regular_city, nicolae_shoals_entry_roost,
          spider_nest_entry_web_field, guppyfry_lair_drakes
Lair:3:   layout_long_grid, kennysheep_snail_temple, grunt_megastairs_3,
          serial_bayou_shore_a
Lair:4:   layout_misc_corridors, enter_volcano_3,
          maelrawn_ghost_gauntlet_escape, nicolae_lair_time_for_slime,
          grunt_megastairs_4, uniq_rupert, uniq_nessos
Lair:5:   due_jungle_book, layout_regular_city, slime_entry_1,
          columned_hall_lemuel, uniq_urug
Spider:1: nicolae_spider_mines_2, uniq_asterion, uniq_agnes
Spider:2: layout_spider_delve, nicolae_spider_twisty_arc_passages
Spider:3: layout_spider_delve, nicolae_spider_undead_wolf_pack
Spider:4: hellmonk_spider_rune_endless_swarm, uniq_bai_suzhen
Orc:1:    layout_caves, uniq_josephine
Orc:2:    grunt_orc_cross, layout_diamond_mine

Skill      XL: |  1  2  3  4  5  6  7  8  9 10 11 12 13 14 15 16 17 |
---------------+----------------------------------------------------+-----
Invocations    | 1 2 3 4 5 6 7 8 9 10 11 12 13 | 13.3
Short Blades   | 1 2 3 4 5 6 8 9 10 11 12 | 12.3
Long Blades    | 1 2 3 4 5 6 8 9 10 11 12 | 12.3
Axes           | 1 2 3 4 5 6 8 9 10 11 12 | 12.3
Maces & Flails | 1 2 3 4 5 6 8 9 10 11 12 | 12.3
Polearms       | 1 2 3 4 5 6 8 9 10 11 12 | 12.3
Staves         | 1 2 3 4 5 6 8 9 10 11 12 | 12.3
Throwing       | 1 2 3 4 5 6 8 9 10 11 12 | 12.3
Armour         | 1 2 3 4 5 6 8 9 10 11 12 | 12.3
Shields        | 1 2 3 4 5 6 8 9 10 11 12 | 12.3
Unarmed Combat | 1 2 3 4 5 6 8 9 10 11 12 | 12.3
Spellcasting   | 1 2 3 4 5 6 8 9 10 11 12 | 12.3
Evocations     | 1 2 3 4 5 6 8 9 10 11 12 | 12.3
Shapeshifting  | 1 2 3 4 5 6 7 8 9 10 11 | 11.3
Conjurations   | 1 2 3 4 5 6 7 8 9 10 | 10.4
Hexes          | 1 2 3 4 5 6 7 8 9 10 | 10.4
Summonings     | 1 2 3 4 5 6 7 8 9 10 | 10.4
Necromancy     | 1 2 3 4 5 6 7 8 9 10 | 10.4
Translocations | 1 2 3 4 5 6 7 8 9 10 | 10.4
Transmutations | 1 2 3 4 5 6 7 8 9 10 | 10.4
Fire Magic     | 1 2 3 4 5 6 7 8 9 10 | 10.4
Ice Magic      | 1 2 3 4 5 6 7 8 9 10 | 10.4
Air Magic      | 1 2 3 4 5 6 7 8 9 10 | 10.4
Earth Magic    | 1 2 3 4 5 6 7 8 9 10 | 10.4
Poison Magic   | 1 2 3 4 5 6 7 8 9 10 | 10.4
Stealth        | 3 4 5 6 7 8 9 10 11 12 | 12.5
Fighting       | 5 6 7 8 9 10 11 12 13 | 13.1
Dodging        | 5 6 7 8 9 10 11 12 13 | 13.1
Ranged Weapons | 9 10 11 12 13 14 | 14.7

Action                     |  1- 3 |  4- 6 |  7- 9 | 10-12 | 13-15 | 16-18 || total
---------------------------+-------+-------+-------+-------+-------+-------++-------
  Melee: Arbalest          |       |       |       |       |     1 |       ||     1
         Labrys            |       |       |       |       |   173 |    17 ||   190
         Bite              |       |       |       |       |    32 |     1 ||    33
         Hand cannon       |       |       |       |       |       |     7 ||     7
   Fire: Shortbow          |   102 |   129 |   179 |       |       |       ||   410
         Arbalest          |       |       |   142 |   530 |   629 |       ||  1301
         Hand cannon       |       |       |       |       |       |   768 ||   768
  Throw: Dart              |       |     2 |       |     2 |    10 |     1 ||    15
         Throwing net      |       |       |       |     1 |       |       ||     1
   Cast: Freezing Cloud    |       |       |       |       |       |    16 ||    16
         Mephitic Cloud    |       |       |       |       |       |     6 ||     6
 Invoke: Heroism           |       |       |       |     3 |     9 |    24 ||    36
         Receive Weapon    |       |       |       |       |     1 |       ||     1
         Receive Armour    |       |       |       |       |     1 |       ||     1
         Finesse           |       |       |       |       |     2 |     4 ||     6
  Evoke: Wand              |       |     3 |     4 |    20 |     7 |     9 ||    43
         Tin of tremorston |       |       |       |     5 |     3 |     3 ||    11
    Use: Scroll            |       |       |    11 |    16 |    25 |    12 ||    64
         Potion            |       |       |     2 |       |     4 |    15 ||    21
   Stab: Sleeping          |       |       |       |       |     3 |       ||     3
 Armour: Leather armour    |     8 |    15 |    78 |   112 |   326 |    20 ||   559
         Steam dragon scal |       |       |    24 |    77 |       |       ||   101
         Troll leather arm |       |       |       |       |       |   763 ||   763
  Dodge: Dodged            |    19 |    20 |   206 |   318 |   704 |  1212 ||  2479
  Block: Kite shield       |       |       |       |       |   173 |  1117 ||  1290

Table legend: (Time is in decaauts)
 A = Elapsed time spent in this place.
 B = Non-inter-level travel time spent in this place.
 C = Inter-level travel time spent in this place.
 D = Time resting spent in this place.
 E = Time spent auto-exploring this place.
 F = Levels seen in this place.
 G = Mean time per level.
                   A        B        C        D        E       F      G
               +--------+--------+--------+--------+--------+-----+--------+
         Total |  34359 |  32194 |   2165 |   7039 |  18724 |  28 | 1227.1 |
       Dungeon |  18219 |  16614 |   1605 |   2389 |  11226 |  15 | 1214.6 |
        Temple |     53 |      3 |     50 |      0 |      0 |   1 |   53.0 |
          Lair |   6875 |   6606 |    269 |   1032 |   4353 |   5 | 1375.0 |
   Spider Nest |   6199 |   6025 |    174 |   2640 |   1825 |   4 | 1549.8 |
  Orcish Mines |   2522 |   2456 |     66 |    867 |   1119 |   2 | 1261.0 |
      Gauntlet |    488 |    488 |      0 |    110 |    201 |   1 |  488.0 |
               +--------+--------+--------+--------+--------+-----+--------+

Top non-repeatable levels by time:
Spider:2: 2521 daAuts
Spider:3: 2318 daAuts
     D:8: 1988 daAuts
  Lair:5: 1912 daAuts
   Orc:2: 1677 daAuts
    D:12: 1600 daAuts
    D:15: 1569 daAuts
     D:9: 1449 daAuts
     D:4: 1401 daAuts
    D:10: 1369 daAuts
  Lair:1: 1356 daAuts
    D:14: 1337 daAuts
  Lair:3: 1330 daAuts
  Lair:4: 1323 daAuts
     D:6: 1292 daAuts
